[Event "Polish Youth Ekstraliga 2022"]
[Site "Lublin"]
[Date "2022.07.01"]
[Round "7.20"]
[White "Grzadka, Artur"]
[Black "Wydmanski, Szymon"]
[Result "1/2-1/2"]
[ECO "A41"]
[WhiteElo "1718"]
[BlackElo "1815"]
[Annotator "NA RC"]
[PlyCount "85"]
[EventDate "2022.06.24"]
[EventType "team-tourn"]
[EventCountry "POL"]
[SourceTitle "playchess.com"]
[Source "ChessBase"]
[SourceQuality "1"]
[TimeControl "40/5400+30:1800+30"]

1. d4 d6 2. c4 e5 3. e3 Nd7 4. Nf3 e4 5. Nfd2 f5 6. Nc3 Ngf6 7. Be2 Be7 8. f3 exf3 9. Bxf3 O-O 10. O-O c6 11. e4 Qb6 12. Nb3 fxe4 13. Nxe4 Nxe4 14. Bxe4 Rxf1+ 15. Qxf1 $11 Nf6 16. Bf5 Kh8 17. Bg5 Nd5 18. Bd2 Nf6 19. Re1 Qc7 20. Bg5 Bxf5 21. Qxf5 Rf8 22. Qe6 Bd8 23. Bf4 Qf7 24. Bxd6 Qxe6 25. Rxe6 Rf7 26. Be5 h6 27. Bb8 Kh7 28. h3 Nh5 29. Re8 Bh4 30. Re4 Bf2+ 31. Kh2 g5 32. Nd2 Nf6 33. Re2 Bxd4 34. Nf3 Bb6 35. Ne5 Re7 36. Bd6 Re6 37. c5 Ba5 38. Rf2 Ne4 39. Rf7+ Kg8 40. Rf8+ Kg7 41. Rf7+ Kg8 42. Rf8+ Kg7 43. Rf7+ 1/2-1/2

[Event "Polish Youth Ekstraliga 2022"]
[Site "Lublin"]
[Date "2022.07.01"]
[Round "7.21"]
[White "Wolak, Maciej"]
[Black "Przybylski, Jan"]
[Result "0-1"]
[ECO "B80"]
[WhiteElo "1316"]
[BlackElo "1694"]
[Annotator "NA RC"]
[PlyCount "56"]
[EventDate "2022.06.24"]
[EventType "team-tourn"]
[EventCountry "POL"]
[SourceTitle "playchess.com"]
[Source "ChessBase"]
[SourceQuality "1"]
[TimeControl "40/5400+30:1800+30"]

1. e4 c5 2. Nf3 e6 3. d4 cxd4 4. Nxd4 Nf6 5. Nc3 d6 6. Be3 Be7 7. f3 a6 8. Qd2 b5 9. g4 Bb7 10. g5 Nfd7 11. h4 Nc6 12. Rg1 Nde5 13. Be2 Rc8 14. O-O-O Na5 15. h5 Nac4 16. Bxc4 Nxc4 17. Qe2 b4 18. Na4 Qa5 19. b3 g6 20. f4 Bxe4 21. Bf2 d5 22. hxg6 hxg6 23. Qg4 Rh2 24. Nxe6 Rxf2 25. Ng7+ Kd8 26. f5 Rxc2+ 27. Kb1 Nd2+ 28. Ka1 Bc5 0-1

[Event "Polish Youth Ekstraliga 2022"]
[Site "Lublin"]
[Date "2022.07.01"]
[Round "7.22"]
[White "Terkiewicz, Bruno"]
[Black "Kania, Franciszek"]
[Result "1/2-1/2"]
[ECO "B36"]
[WhiteElo "1320"]
[BlackElo "1523"]
[Annotator "NA RC"]
[PlyCount "230"]
[EventDate "2022.06.24"]
[EventType "team-tourn"]
[EventCountry "POL"]
[SourceTitle "playchess.com"]
[Source "ChessBase"]
[SourceQuality "1"]
[TimeControl "40/5400+30:1800+30"]

1. e4 c5 2. Nf3 Nc6 3. d4 cxd4 4. Nxd4 g6 5. c4 Nf6 6. Nc3 d6 7. Be2 Nxd4 8. Qxd4 Bg7 9. Bg5 O-O 10. Qd2 a5 11. Rc1 a4 12. f3 Qa5 13. O-O Be6 14. Nd5 Qxd2 15. Nxe7+ Kh8 16. Bxd2 Rfe8 17. Nd5 Nxd5 18. cxd5 Bxd5 19. Bb5 Bc6 20. Bxc6 bxc6 21. Rxc6 Rab8 22. b4 axb3 23. axb3 Rxb3 24. Rxd6 Ra8 25. Rd1 h5 26. Rd7 Kg8 27. Kf1 Ra2 28. Bf4 Rc2 29. Rd8+ Kh7 30. R8d3 Rb4 31. R3d2 Rc6 32. Rd7 Kg8 33. Rc7 Rxc7 34. Bxc7 Rb2 35. Bf4 Bc3 36. h3 Ra2 37. Kg1 Kg7 38. Rd5 Kf8 39. Be5 Bxe5 40. Rxe5 f6 41. Rd5 Ke7 42. Rd4 g5 43. Rd5 Ra1+ 44. Kh2 h4 45. Rf5 Re1 46. Ra5 Ke6 47. Ra6+ Ke5 48. Ra8 Ke6 49. Rh8 Ke7 50. Rb8 Rf1 51. Rb7+ Ke6 52. Rh7 Kd6 53. Rh8 Ke7 54. Rg8 Kf7 55. Rc8 Ke6 56. Re8+ Kf7 57. Ra8 Ke6 58. Rb8 Re1 59. Rb6+ Kf7 60. Rb7+ Ke6 61. Rb6+ Kf7 62. Rb8 Ke6 63. Rb5 Rf1 64. Rf5 Re1 65. Ra5 Rf1 66. Ra8 Kf7 67. Rh8 Re1 68. Rh7+ Ke6 69. Rh8 Kf7 70. Rd8 Ke7 71. Rd5 Ke6 72. Rf5 Rf1 73. Rb5 Re1 74. Rb8 Kf7 75. Ra8 Ke6 76. Re8+ Kf7 77. Rc8 Ke6 78. Rc5 Rf1 79. Ra5 Re1 80. Rf5 Rf1 81. Rb5 Re1 82. Rb8 Rf1 83. Re8+ Kf7 84. Ra8 Re1 85. Ra7+ Ke6 86. Ra6+ Kf7 87. Ra7+ Ke6 88. Ra8 Rf1 89. Re8+ Kf7 90. Ra8 Ke6 91. Ra5 Re1 92. Rc5 Rf1 93. Rb5 Re1 94. Rb8 Rf1 95. Re8+ Kf7 96. Rh8 Ke6 97. Ra8 Kf7 98. Ra7+ Ke6 99. Rh7 Kd6 100. Rh8 Ke6 101. Rd8 Ke7 102. Rb8 Ke6 103. Rb7 Kd6 104. Ra7 Ke6 105. Ra6+ Ke5 106. Ra8 Ke6 107. Rg8 Kf7 108. Rc8 Ke6 109. Rb8 Ke7 110. Rg8 Kf7 111. Rb8 Ke6 112. Ra8 Ke7 113. Ra6 Kf7 114. Rc6 Re1 115. Rc7+ Ke6 1/2-1/2

[Event "Polish Youth Ekstraliga 2022"]
[Site "Lublin"]
[Date "2022.07.01"]
[Round "7.23"]
[White "Dylag, Emilia"]
[Black "Bukala, Weronika"]
[Result "1-0"]
[ECO "A62"]
[WhiteElo "2022"]
[BlackElo "1827"]
[Annotator "RC"]
[PlyCount "113"]
[EventDate "2022.06.24"]
[EventType "team-tourn"]
[EventCountry "POL"]
[SourceTitle "playchess.com"]
[Source "ChessBase"]
[SourceQuality "1"]
[TimeControl "40/5400+30:1800+30"]

1. d4 Nf6 2. c4 c5 3. d5 e6 4. Nc3 exd5 5. cxd5 d6 6. g3 g6 7. Bg2 Bg7 8. Nf3 O-O 9. O-O Re8 10. Bf4 Ne4 11. Nxe4 Rxe4 12. Nd2 Rxf4 13. gxf4 Bxb2 14. Rb1 Bg7 15. Re1 Nd7 16. a4 b6 17. e3 Ba6 18. Bf1 Bb7 19. Nc4 Nf6 20. Bg2 Ba6 21. Qc2 Rb8 22. Bf3 Bc8 23. Rbd1 a6 24. e4 Ne8 25. e5 b5 26. axb5 axb5 27. Nxd6 Nxd6 28. exd6 Qxd6 29. Re8+ Bf8 30. Qe2 Bf5 31. Rxb8 Qxb8 32. Bg4 Bxg4 33. Qxg4 Bd6 34. Qd7 b4 35. Ra1 Qc7 36. Qxc7 Bxc7 37. Rc1 Bd6 38. Kf1 Kg7 39. Ke2 Kf6 40. Kd3 Kf5 41. Kc4 Kxf4 42. Ra1 g5 43. Ra7 Ke4 44. Rxf7 h5 45. h3 h4 46. Rf6 Be5 47. f3+ Ke3 48. Re6 Kf4 49. d6 Bxd6 50. Rxd6 Kg3 51. Rg6 Kxh3 52. Rxg5 Kh2 53. f4 h3 54. f5 Kh1 55. f6 h2 56. f7 b3 57. f8=Q 1-0

[Event "Polish Youth Ekstraliga 2022"]
[Site "Lublin"]
[Date "2022.07.01"]
[Round "7.25"]
[White "Niedbala, Bartlomiej"]
[Black "Kutowski, Marcel"]
[Result "1-0"]
[ECO "A06"]
[WhiteElo "2384"]
[BlackElo "1954"]
[Annotator "TA"]
[PlyCount "59"]
[EventDate "2022.06.24"]
[EventType "team-tourn"]
[EventCountry "POL"]
[SourceTitle "playchess.com"]
[Source "ChessBase"]
[SourceQuality "1"]
[TimeControl "40/5400+30:1800+30"]

1. Nf3 d5 2. e3 Nf6 3. c4 e6 4. Nc3 Be7 5. b3 O-O 6. Bb2 b6 7. g3 Bb7 8. Bg2 dxc4 9. bxc4 c5 10. O-O Nc6 11. Qe2 Rc8 12. d3 {[%emt 0:00:45] A14: English Opening: 1...e6 with b3 by White.} Qc7 13. Ne1 Rfd8 14. f4 {[%emt 0:00:39] White has an edge.} a6 15. g4 Nb4 {[%emt 0:10:32] [#]} 16. g5 $146 ({Predecessor:} 16. Bxb7 Qxb7 17. a3 Nc6 18. a4 Nb4 19. h4 Ne8 20. h5 Bf8 21. Rf3 Nxd3 22. Nxd3 Rxd3 {0-1 (33) Edouard,R (2640)-Diaz Camallonga,C (2474) Chess.com INT 2020}) 16... Bxg2 17. Kxg2 Ne8 18. a3 Qb7+ 19. Rf3 Nc6 20. Kg1 f6 21. gxf6 Bxf6 22. Ne4 Qe7 (22... Bxb2 $11 23. Qxb2 Nd6) 23. Rb1 $36 {[%emt 0:06:01][%mdl 2048] White is more active.} Rb8 24. Rh3 {[%emt 0:03:00] And now Qh5 would win.} g6 {[%emt 0:04:55] Against Qh5} (24... b5 $11 {remains equal.}) 25. Nxf6+ $16 Nxf6 26. Qg2 Rdc8 {[%emt 0:05:45] [#] This costs Black the game.} (26... Rbc8 $16) 27. Nf3 $18 Nd8 $2 (27... Rc7 28. Ng5 e5) 28. Qg5 Kf7 29. Bxf6 Qxf6 30. Rxh7+ {[%emt 0:00:07] Weighted Error Value: White=0.08 (flawless) /Black=0.81} 1-0

[Event "Polish Youth Ekstraliga 2022"]
[Site "Lublin"]
[Date "2022.07.01"]
[Round "7.26"]
[White "Wilk, Igor"]
[Black "Redzisz, Michal"]
[Result "0-1"]
[ECO "C42"]
[WhiteElo "1824"]
[BlackElo "2236"]
[Annotator "TA"]
[PlyCount "84"]
[EventDate "2022.06.24"]
[EventType "team-tourn"]
[EventCountry "POL"]
[SourceTitle "playchess.com"]
[Source "ChessBase"]
[SourceQuality "1"]
[TimeControl "40/5400+30:1800+30"]

1. e4 e5 2. Nf3 Nf6 3. Nxe5 d6 4. Nf3 Nxe4 5. Bd3 d5 6. O-O {[%emt 0:00:25] C42: Petroff Defence: 3 Nxe5 and unusual White 3rd moves.} Be7 7. c3 O-O 8. Bc2 {[%emt 0:01:25] The position is equal.} Bg4 9. d4 Nd7 10. Re1 Ndf6 {[%emt 0:12:16] [#]} 11. h3 $146 ({Predecessor:} 11. Qd3 Nd6 12. Bg5 Bf5 13. Qe2 Re8 14. Bxf5 Nxf5 15. Nbd2 h6 16. Bxf6 Bxf6 17. Qd3 {0-1 (49) Lowitz,T (2056)-Reimold,J (1879) Cologne 2004}) 11... Bh5 12. Bf4 (12. g4 $11 Bg6 13. Ne5) 12... Bd6 $15 13. Be5 Re8 $1 14. Qc1 ({White should try} 14. Nbd2 $15) 14... Nd7 $2 ({Black should play} 14... Bxf3 $19 15. gxf3 Nxf2 16. Kxf2 Nh5) 15. Bxd6 $11 cxd6 16. Nbd2 Ndf6 (16... f5 $11) 17. Nf1 h6 18. N3h2 (18. Nh4 {feels hotter.} Nh7 19. Qf4 g5 20. Qf5) 18... Bg6 19. f3 Ng5 20. Ne3 Qd7 21. Nhg4 Ngh7 22. Bxg6 fxg6 23. Qc2 Qf7 24. Re2 (24. Qb3 $14) 24... Nh5 $1 25. Qb3 (25. Nf1 $11) 25... Nf4 26. Ree1 Re7 27. g3 {[%emt 0:02:49] Black continues to play with concentration.} (27. Nf1 $15) 27... Nxh3+ $19 28. Kg2 {[%emt 0:00:05] [#]} Rae8 $1 {[%emt 0:00:15][%cal Oh6h5] aiming for ...h5!} 29. Rf1 $2 (29. f4 {was the only defense.}) 29... Rxe3 30. Nxe3 Rxe3 31. Rae1 {[%emt 0:03:18] Prevents Re2+.} Rxe1 32. Rxe1 N3g5 33. Re3 Nf6 {[%emt 0:00:42] Threatens to win with ...Qd7.} 34. Qa4 a6 35. b3 (35. Kh1 $142) 35... Kh7 {[%emt 0:02:30] [#] ...Nh5 is the strong threat.} 36. c4 $2 (36. b4) 36... Nh5 {[%emt 0:02:47] White must now prevent ...Qf5.} 37. cxd5 Qf5 {[%emt 0:00:26] ( -> ...Qc2+)} 38. Qc4 {[%emt 0:00:24] Against Qc2+} Qh3+ 39. Kf2 Qxg3+ 40. Ke2 Nf4+ 41. Kd1 Qf2 42. Qc3 Nxd5 {[%emt 0:00:05] Weighted Error Value: White=0.93/Black=0.16 (very precise)} 0-1

[Event "Polish Youth Ekstraliga 2022"]
[Site "Lublin"]
[Date "2022.07.01"]
[Round "7.27"]
[White "Warchol, Kamil"]
[Black "Bartoszczuk, Adam"]
[Result "1-0"]
[ECO "A05"]
[WhiteElo "2079"]
[BlackElo "1662"]
[Annotator "RC"]
[PlyCount "89"]
[EventDate "2022.06.24"]
[EventType "team-tourn"]
[EventCountry "POL"]
[SourceTitle "playchess.com"]
[Source "ChessBase"]
[SourceQuality "1"]
[TimeControl "40/5400+30:1800+30"]

1. Nf3 Nf6 2. b3 g6 3. Bb2 Bg7 4. c4 d6 5. g3 e5 6. d3 Nc6 7. Bg2 O-O 8. O-O Nd7 9. Nc3 f5 10. Nd2 Nf6 11. Rc1 Ne7 12. b4 c6 13. Na4 Qc7 14. Nf3 Nd7 15. Qb3 Kh8 16. Rfd1 h6 17. h4 Nb6 18. Nc3 Be6 19. Qc2 Nd7 20. Qd2 Nf6 21. e3 Rad8 22. Ne2 Nh5 23. Re1 Qd7 24. Kh2 Kh7 25. e4 f4 26. d4 Bg4 27. Rf1 Nf6 28. Qd3 Nxe4 29. gxf4 Bf5 30. Qe3 exf4 31. Nxf4 d5 32. Ne5 Bxe5 33. dxe5 Rde8 34. Qd4 Be6 35. cxd5 cxd5 36. Qe3 Nf5 37. Qd3 Qe7 38. Nxe6 Qxh4+ 39. Kg1 Rxe6 40. Qxd5 Ng5 41. Qd3 Rf7 42. Rc4 Qh5 43. f4 Ng3 44. Qxg3 Qe2 45. fxg5 1-0

[Event "Polish Youth Ekstraliga 2022"]
[Site "Lublin"]
[Date "2022.07.01"]
[Round "7.28"]
[White "Kaszuba, Michal"]
[Black "Krol, Jan"]
[Result "0-1"]
[ECO "B40"]
[WhiteElo "1307"]
[BlackElo "1668"]
[Annotator "NA RC"]
[PlyCount "82"]
[EventDate "2022.06.24"]
[EventType "team-tourn"]
[EventCountry "POL"]
[SourceTitle "playchess.com"]
[Source "ChessBase"]
[SourceQuality "1"]
[TimeControl "40/5400+30:1800+30"]

1. e4 c5 2. Nf3 e6 3. c4 a6 4. d4 cxd4 5. Nxd4 Nf6 6. e5 Qa5+ 7. Nc3 Qxe5+ 8. Be2 Qc7 9. O-O Nc6 10. Nxc6 bxc6 11. Bf3 Bb7 12. Qe2 Be7 13. Be3 c5 14. Rad1 O-O 15. Rd2 Rad8 16. Rfd1 Ne8 17. g3 Bxf3 18. Qxf3 d6 19. h3 f5 20. Qe2 Bf6 21. Rc2 Bxc3 22. Rxc3 h6 23. Rcd3 Nf6 24. Kg2 Ne4 25. f3 Nf6 26. b3 Rfe8 27. Bf4 e5 28. Bc1 Qc6 29. Kh2 Re6 30. Bb2 Rde8 31. Re3 Kf7 32. Qf2 h5 33. g4 hxg4 34. hxg4 Rh8+ 35. Kg1 Nxg4 36. Qe2 Reh6 37. Red3 Rh1+ 38. Kg2 R8h2+ 39. Kg3 f4+ 40. Kxg4 Qd7+ 41. Kg5 Rh5# 0-1

[Event "Polish Youth Ekstraliga 2022"]
[Site "Lublin"]
[Date "2022.07.01"]
[Round "7.29"]
[White "Adamczyk, Zuzanna"]
[Black "Goraj, Barbara"]
[Result "0-1"]
[ECO "E91"]
[WhiteElo "1909"]
[BlackElo "2035"]
[Annotator "NA RC"]
[PlyCount "178"]
[EventDate "2022.06.24"]
[EventType "team-tourn"]
[EventCountry "POL"]
[SourceTitle "playchess.com"]
[Source "ChessBase"]
[SourceQuality "1"]
[TimeControl "40/5400+30:1800+30"]

1. d4 Nf6 2. c4 g6 3. Nc3 Bg7 4. e4 d6 5. Nf3 O-O 6. Be2 Nbd7 7. O-O e5 8. Be3 Qe7 9. Qc2 exd4 10. Nxd4 c6 11. Rad1 a6 12. Bg5 Re8 13. f3 h6 14. Bh4 Ne5 15. Bf2 Bd7 16. Qd2 Rad8 17. b3 Bc8 18. Nc2 Qc7 19. h3 g5 20. Ne3 Ng6 21. Rfe1 Nf4 22. Bf1 Be6 23. Qc1 Qa5 24. Ne2 N6h5 ({Black should play} 24... Nxe2+ $14 25. Rxe2 Nh5) 25. a3 Nxe2+ 26. Rxe2 Qe5 27. Ng4 Bxg4 28. hxg4 Ng3 29. Ree1 h5 30. gxh5 Nxh5 31. Qe3 Re6 32. Qd4 Qf4 33. Qe3 Qe5 34. Qd4 Qa5 35. Qb6 Qxb6 36. Bxb6 Rde8 37. Bf2 Bb2 38. a4 Be5 39. Bd4 Bg3 40. Bf2 Be5 41. Bd4 Bf4 42. Be3 Ng3 43. Bxf4 gxf4 44. Kf2 Kf8 45. Bd3 Re5 46. Bb1 Ke7 47. Rd2 a5 48. Red1 Rd8 49. Rd4 b6 50. R4d2 {[%emt 0:00:55] [#]} Rg5 (50... Rh5 $1 $17) 51. Rd4 f6 52. R4d2 Ke6 53. Bd3 Ke5 54. Bb1 Rd7 55. Bc2 Rd8 (55... Rg8 $17) 56. Bb1 Rh5 57. Bc2 Nh1+ ({Black should try} 57... Rh1 $17) 58. Kg1 (58. Ke2 $1 $15) 58... Ng3 59. Kf2 Rh2 60. Rg1 Rg8 61. Rgd1 Rd8 62. Rg1 Rh6 63. Rgd1 $17 Rhh8 64. Rg1 Rh1 65. Rxh1 Nxh1+ 66. Kg1 Ng3 67. Kf2 Rh8 68. Rd1 Rh1 69. Rxh1 Nxh1+ 70. Ke2 Kd4 71. Kd2 Ng3 72. Bd3 c5 73. Bb1 Nf1+ 74. Ke2 Ne3 75. Kf2 Kc3 76. e5 dxe5 77. g3 Kxb3 78. gxf4 exf4 79. Ke2 Kxc4 80. Kd2 Kd4 81. Be4 c4 82. Bc6 c3+ 83. Kc1 Kc4 84. Bb5+ Kb3 85. Bc6 Nf5 86. Kb1 Nd4 87. Bb5 c2+ 88. Kc1 Kc3 89. Bc6 Ne2# 0-1

[Event "Polish Youth Ekstraliga 2022"]
[Site "Lublin"]
[Date "2022.07.01"]
[Round "7.30"]
[White "Jaros, Emilia"]
[Black "Gaszka, Zuzanna"]
[Result "1-0"]
[ECO "C24"]
[WhiteElo "1366"]
[BlackElo "1621"]
[Annotator "NA RC"]
[PlyCount "105"]
[EventDate "2022.06.24"]
[EventType "team-tourn"]
[EventCountry "POL"]
[SourceTitle "playchess.com"]
[Source "ChessBase"]
[SourceQuality "1"]
[TimeControl "40/5400+30:1800+30"]

1. e4 e5 2. Bc4 Nf6 3. d3 c6 4. Nf3 d5 5. Bb3 a5 6. a4 Bb4+ 7. Bd2 Bxd2+ 8. Qxd2 Nbd7 9. Nc3 d4 10. Ne2 Qc7 11. Ng3 h6 12. Nh4 Nc5 13. Nhf5 Bxf5 14. Nxf5 O-O 15. Bc4 Qd7 16. O-O b5 17. axb5 cxb5 18. Ba2 Rfc8 19. f4 Ne6 20. fxe5 Ng4 21. Bd5 Ra6 22. h3 Nxe5 23. Qf2 Rf8 24. Nxd4 Nxd4 25. Qxd4 Nc6 26. Qc5 Nb4 27. Rf2 Nxd5 28. Qxd5 Qxd5 29. exd5 Rc8 30. Rc1 Rd6 31. Rf5 g6 32. Re5 Kg7 33. c4 bxc4 34. dxc4 Kf6 35. Ree1 Rc5 36. Rc3 Rd7 37. Kf2 Rb7 38. b3 Rd7 39. Rf3+ Kg7 40. Ra1 h5 41. Ke3 Ra7 42. Kd4 Rcc7 43. d6 Rd7 44. Kd5 Kf8 45. Re3 Ra8 46. c5 Rdd8 47. Re7 f6 48. g4 hxg4 49. hxg4 f5 50. gxf5 gxf5 51. Rf1 a4 52. Rxf5+ Kg8 53. Re4 1-0

[Event "Polish Youth Ekstraliga 2022"]
[Site "Lublin"]
[Date "2022.07.02"]
[Round "8.1"]
[White "Czopor, Maciej"]
[Black "Kutowski, Marcel"]
[Result "1/2-1/2"]
[ECO "A25"]
[WhiteElo "2425"]
[BlackElo "1954"]
[Annotator "TA"]
[PlyCount "142"]
[EventDate "2022.06.24"]
[EventType "team-tourn"]
[EventCountry "POL"]
[SourceTitle "playchess.com"]
[Source "ChessBase"]
[SourceQuality "1"]
[TimeControl "40/5400+30:1800+30"]

1. c4 e5 2. Nc3 Nc6 3. e3 Nf6 4. a3 a5 5. Nf3 d6 6. d4 {[%emt 0:03:32] A25: English Opening vs King's Indian with ...Nc6 but without early d3.} g6 7. dxe5 (7. d5 $14 Ne7 8. e4) 7... Nxe5 $11 8. Be2 {[%emt 0:03:25] The position is equal.} Bg7 (8... Nxf3+ $11 9. Bxf3 Nd7) 9. O-O ({White should play} 9. Nxe5 $14 dxe5 10. Qxd8+ Kxd8 11. O-O) 9... O-O {[%emt 0:02:16] [#]} 10. Qb3 $146 (10. Nxe5 $11 dxe5 11. e4) ({Predecessor:} 10. Nd4 Qe7 11. Qc2 Bd7 12. b3 Nc6 13. Ncb5 Nxd4 14. Nxd4 Ng4 15. Ra2 Rad8 16. h3 {1-0 (50) Constandache,V (1588)-Balaban Voia,A (2004) Baile Felix 2017}) 10... Nfd7 $15 11. Nd4 Nc5 12. Qc2 a4 13. Bd2 Nc6 14. Nxc6 bxc6 15. Bf3 Bf5 $1 $36 {[%emt 0:05:48][%mdl 2048] Black is really pushing.} 16. e4 Be6 17. Ne2 Qc8 18. Nc1 Qa6 19. Be2 f5 20. Bb4 Nxe4 21. c5 Qa7 22. Nd3 (22. Bc4 $142 Bxc4 23. Qxc4+ d5 24. Qc2) 22... Bb3 $19 23. Qc1 Bd4 24. Bf3 Qa6 ({Weaker is} 24... dxc5 25. Bxe4 cxb4 26. Bxc6 $15) 25. Nf4 Qc4 (25... Nxc5 26. Bxc5 Bxc5 27. Qc3) 26. cxd6 c5 ({Worse is} 26... Nxd6 27. Bxc6 Bxb2 28. Bxa8 $1 Qxc1 29. Raxc1 $11) 27. Bc3 Bxc3 28. bxc3 cxd6 29. Bxe4 fxe4 30. Qe3 d5 31. Rac1 Rae8 32. h4 (32. Nh3 $142) 32... Qa6 33. g3 Qd6 34. Rfe1 d4 35. cxd4 cxd4 36. Qd2 Qe5 37. Rc6 Rf7 38. Qc1 Rd7 39. Rc5 (39. Re2 $142) 39... Qe7 40. Rc8 Rxc8 41. Qxc8+ Rd8 $2 (41... Qd8 $19 {has better winning chances.} 42. Qc6 d3) 42. Rxe4 $17 Rxc8 43. Rxe7 {[%emt 0:00:01][%mdl 4096] Endgame KRB-KRN} Rd8 {[%emt 0:01:11] Prevents Rd7. Strongly threatening ...d3.} 44. Re2 d3 45. Rd2 Bc4 46. f3 {[%emt 0:06:27] [#]} Rb8 $1 47. Kf2 ({But not} 47. Nxd3 $2 Rd8 48. Kf1 Rxd3 $19) 47... Rb3 48. Ke3 Rxa3 {[%emt 0:00:30] Threatens to win with ...Rc3.} 49. Kd4 {[%emt 0:00:17] Against Rc3} Bf7 50. Nxd3 (50. Rxd3 $17 Rxd3+ 51. Kxd3) 50... Rb3 $19 {[%emt 0:02:07] Hoping for ...a3.} 51. Ne5 a3 52. Kc5 {[%emt 0:06:04] [#]} Re3 (52... Rc3+ $1 $19 53. Kb4 Rb3+ 54. Kc5 Re3 55. Nxf7 Kxf7) 53. Rd8+ $17 Kg7 54. Kd4 a2 55. Ra8 {[%emt 0:00:07] Inhibits Ra3.} Re1 56. Nxf7 a1=Q+ 57. Rxa1 Rxa1 {[%emt 0:00:07] KR-KN} 58. Ng5 Ra3 {[%emt 0:00:49] ...h6 is the strong threat.} 59. Ke4 h6 60. Ne6+ Kf6 61. Nd4 Ra4 62. Ke3 Ke5 {[%emt 0:00:18] ( -> ...Ra3+)} 63. Nc6+ Kd6 64. Nd4 Kd5 65. Ne2 {[%emt 0:00:03] aiming for Nc3+.} Ke5 66. Nf4 Ra3+ 67. Kf2 Kf5 (67... Ra6 $17 68. Ke3 Ra3+ 69. Kf2 Kf6) 68. Ne2 (68. h5 $1 $15) 68... h5 {[%emt 0:03:42] Black is better.} 69. Nd4+ Kf6 70. Ne2 Ke5 71. Nf4 Kf5 {[%emt 0:00:36] Weighted Error Value: White=0.20 (precise) /Black=0.14 (very precise)} 1/2-1/2

[Event "Polish Youth Ekstraliga 2022"]
[Site "Lublin"]
[Date "2022.07.02"]
[Round "8.2"]
[White "Wilk, Igor"]
[Black "Ochedzan, Tymon"]
[Result "1/2-1/2"]
[ECO "B92"]
[WhiteElo "1824"]
[BlackElo "2261"]
[Annotator "TA"]
[PlyCount "75"]
[EventDate "2022.06.24"]
[EventType "team-tourn"]
[EventCountry "POL"]
[SourceTitle "playchess.com"]
[Source "ChessBase"]
[SourceQuality "1"]
[TimeControl "40/5400+30:1800+30"]

1. e4 c5 2. Nf3 d6 3. d4 cxd4 4. Nxd4 Nf6 5. Nc3 a6 6. Be2 e5 7. Nb3 Be7 8. Bg5 Be6 9. Bxf6 Bxf6 10. Qd3 {[%emt 0:00:07] B92: Sicilian Najdorf: 6 Be2.} Bg5 {[%emt 0:01:20] 10...Be7 is setting a new trend.} 11. Rd1 Nc6 12. a3 {[%emt 0:06:32] Prevents Nb4. White has an edge.} O-O 13. O-O Rc8 14. Qxd6 {[%emt 0:10:40] [#]} Nd4 $146 ({Predecessor:} 14... Qxd6 15. Rxd6 Be7 16. Rd2 Rfd8 17. Nd5 Bg5 18. Rdd1 b5 19. c4 bxc4 20. Bxc4 Nd4 21. Nxd4 Rxc4 {½-½ (31) Lovik,L (2183)-Perez Ponsa,F (2390) Gibraltar 2009}) 15. Qxe5 Bf6 16. Qf4 Bg5 $1 {[%emt 0:04:28] This bishop pair is nice.} 17. Qe5 Bf6 18. Qf4 {[%emt 0:00:14] [#] aiming for Nxd4.} Bg5 $1 19. Qg3 Bxb3 ({Resist} 19... Rxc3 20. Rxd4 Rxg3 21. Rxd8 Rxg2+ 22. Kxg2 $14) 20. cxb3 {[%emt 0:00:15][%cal Od1d4] Threatens to win with Rxd4!} ({Much worse is} 20. Rxd4 Qxd4 21. cxb3 Qd2 $15) 20... Rxc3 $1 21. Rxd4 Rxg3 22. Rxd8 Rxg2+ 23. Kxg2 Rxd8 24. Rd1 Rxd1 25. Bxd1 $11 {[%emt 0:00:02][%mdl 4096] Endgame KB-KB} Bc1 26. a4 Bxb2 27. f4 f6 28. Kf3 Kf7 29. Be2 Ke6 30. Bc4+ Kd6 31. Bg8 h6 32. h4 g5 33. e5+ fxe5 34. fxg5 hxg5 35. hxg5 Ke7 36. Ke4 Kf8 37. Bc4 a5 38. Bd5 {[%emt 0:00:09] Weighted Error Value: White=0.03 (flawless) /Black=0.03 (flawless)} 1/2-1/2

[Event "Polish Youth Ekstraliga 2022"]
[Site "Lublin"]
[Date "2022.07.02"]
[Round "8.3"]
[White "Jaworski, Tymon"]
[Black "Bartoszczuk, Adam"]
[Result "0-1"]
[ECO "A45"]
[WhiteElo "1628"]
[BlackElo "1662"]
[Annotator "NA RC"]
[PlyCount "100"]
[EventDate "2022.06.24"]
[EventType "team-tourn"]
[EventCountry "POL"]
[SourceTitle "playchess.com"]
[Source "ChessBase"]
[SourceQuality "1"]
[TimeControl "40/5400+30:1800+30"]

1. d4 Nf6 2. Bg5 c5 3. c3 Qb6 4. Qc1 d6 5. e3 Bf5 6. Nf3 Nbd7 7. Nbd2 h6 8. Bh4 e6 9. Be2 d5 10. O-O Be7 11. Bd1 O-O 12. Bc2 Bxc2 13. Qxc2 Rfe8 14. Rfe1 Rac8 15. Qb3 c4 16. Qc2 Qc7 17. e4 dxe4 18. Nxe4 Nd5 19. Bg3 Qb6 20. Ne5 Nxe5 21. Bxe5 f6 22. Bg3 f5 23. Nc5 Bxc5 24. dxc5 Qxc5 25. Re5 Qc6 26. Rae1 Nf6 27. Qe2 Rcd8 28. f3 Kf7 29. Bf2 Nh5 30. Rc5 Qd6 31. Qxc4 g6 32. Rc7+ Re7 33. Rxe7+ Qxe7 34. Be3 g5 35. Bd4 Nf4 36. Re5 Nd5 37. g3 Qd6 38. Qe2 a6 39. Qc2 Nb4 40. Qb3 Nc6 41. Rxf5+ Ke8 42. Rf6 Nxd4 43. Qc4 Qe5 44. Rxh6 Nxf3+ 45. Kf2 Rd2+ 46. Kxf3 Qf5+ 47. Ke3 Qf2+ 48. Ke4 Re2+ 49. Qxe2 Qxe2+ 50. Kd4 Qd2+ 0-1

[Event "Polish Youth Ekstraliga 2022"]
[Site "Lublin"]
[Date "2022.07.02"]
[Round "8.4"]
[White "Kaszuba, Michal"]
[Black "Ochedzan, Filip"]
[Result "0-1"]
[ECO "B86"]
[WhiteElo "1307"]
[BlackElo "1873"]
[Annotator "NA RC"]
[PlyCount "133"]
[EventDate "2022.06.24"]
[EventType "team-tourn"]
[EventCountry "POL"]
[SourceTitle "playchess.com"]
[Source "ChessBase"]
[SourceQuality "1"]
[TimeControl "40/5400+30:1800+30"]

1. e4 c5 2. Nf3 d6 3. Bc4 Nf6 4. Nc3 e6 5. d4 cxd4 6. Nxd4 a6 7. a4 Be7 8. O-O O-O 9. h3 Nc6 10. Be3 Bd7 11. Nxc6 Bxc6 12. Bd3 Qd7 13. Qe2 Rac8 14. f4 e5 15. f5 d5 16. exd5 Bxd5 17. Nxd5 Qxd5 18. c4 Qc6 19. b3 Nd7 20. Bf2 Bc5 21. Bxc5 Qxc5+ 22. Qf2 Qxf2+ 23. Kxf2 Nc5 24. Bc2 a5 25. Rad1 Rfd8 26. Ke3 f6 27. g4 Kf7 28. Be4 Nxe4 29. Kxe4 Ke7 30. Rfe1 Rxd1 31. Rxd1 Rc6 32. Rd3 Rd6 33. Rc3 Rd4+ 34. Ke3 Kd6 35. Rc2 Kc5 36. Rc1 b6 37. Rb1 Kb4 38. Rc1 Rd7 39. Rb1 Kc3 40. Rc1+ Kb2 41. Rg1 Rd6 42. g5 Kxb3 43. gxf6 gxf6 44. Rg7 Kxa4 45. Re7 Kb4 46. Rxh7 Kxc4 47. h4 a4 48. h5 a3 49. h6 a2 50. Ra7 Kb3 51. h7 Rd8 52. Kf3 Kb2 53. Kg4 Rh8 54. Kh5 a1=Q 55. Rxa1 Kxa1 56. Kg6 Rxh7 57. Kxh7 e4 58. Kg6 e3 59. Kxf6 e2 60. Kg7 e1=Q 61. f6 Qf1 62. f7 Qxf7+ 63. Kxf7 b5 64. Ke6 b4 65. Kd5 b3 66. Kc4 b2 67. Kd4 0-1